 Dungeon Crawl Stone Soup version 0.22-a0-448-g1fb7470 (webtiles) character file.

31132 HammerPanzer the Fencer (level 13, -40/183 HPs)
             Began as a Pale Draconian Berserker on June 4, 2018.
             Was a High Priest of Trog.
             Annihilated by Rupert
             ... wielding a +1 great mace of draining
              (55 damage)
             ... on level 12 of the Dungeon.
             The game lasted 01:06:43 (20995 turns).

HammerPanzer the Fencer (Pale Draconian Berserker) Turns: 20995, Time: 01:06:44

Health: -40/183    AC:  9    Str: 31    XL:     13   Next: 24%
Magic:  18/18      EV: 15    Int:  8    God:    Trog [*****.]
Gold:   683        SH:  0    Dex: 19    Spells: 12/12 levels left

rFire    + . .     SeeInvis .   t - +1 triple sword (flame)
rCold    . . .     Gourm    .   (shield currently unavailable)
rNeg     . . .     Faith    .   (armour unavailable)
rPois    .         Spirit   .   (helmet restricted)
rElec    .         Reflect  .   r - +1 cloak
rCorr    .         Harm     +   w - -2 pair of gloves "Arhex" {Str+2 Dex+4}
MR       .....                  (no boots)
Stlth    ..........             B - amulet of harm
HPRegen  0.40/turn              n - +4 ring of dexterity
MPRegen  0.16/turn              y - ring of protection from fire

@: berserking, heavily drained, very quick
A: breathe steam, unfitting armour, cold-blooded, AC +8
a: Breathe Steam, Berserk, Trog's Hand, Brothers in Arms, Renounce Religion


You were on level 12 of the Dungeon.
You worshipped Trog.
Trog was extremely pleased with you.
You were near starving.

You visited 1 branch of the dungeon, and saw 13 of its levels.

You collected 827 gold pieces.
You spent 144 gold pieces at shops.

Inventory:

Hand Weapons
 p - a +2 triple sword of venom
 t - a +1 triple sword of flaming (weapon)
 x - a +1 antimagic great sword
 D - a +4 scimitar of flaming
 E - a +4 scimitar of freezing
 F - a +4 great sword
Missiles
 k - a tomahawk (quivered)
Armour
 r - a +1 cloak (worn)
 w - the -2 pair of gloves "Arhex" (worn) {Str+2 Dex+4}
   (You acquired it on level 12 of the Dungeon)

   It affects your strength (+2).
   It affects your dexterity (+4).
 H - a +2 buckler of protection
Jewellery
 h - an uncursed ring of stealth {unknown}
 n - a +4 ring of dexterity (left hand)
 y - a ring of protection from fire (right hand)
 B - an amulet of harm (around neck)
 G - a +4 ring of strength {unknown}
Wands
 l - a wand of iceblast (22)
 m - a wand of random effects (40)
 o - a wand of acid (7)
 s - a wand of flame (35)
Scrolls
 c - 8 scrolls of remove curse
 d - a scroll of enchant armour
 f - 2 scrolls of fear
 j - a scroll of identify
 u - a scroll of summoning
 J - 2 scrolls of magic mapping
Potions
 a - a potion of lignification
 e - 2 potions of cancellation
 g - a potion of mutation
 i - 3 potions of brilliance
 v - a potion of might
 z - a potion of invisibility
 A - a potion of ambrosia
Comestibles
 b - 10 rations


   Skills:
 + Level 13.1(10.2) Fighting
 * Level 16.2(13.1) Long Blades
 + Level 6.8(4.3) Dodging
 + Level 7.3(4.8) Evocations


You had 12 spell levels left.
You didn't know any spells.
Your spell library was empty.

Dungeon Overview and Level Annotations

Branches:
Dungeon (13/15)            Temple (0/1) D:6            Lair (0/6) D:9
    Orc (0/2) D:11
 Vaults: D:13-14

Altars:
Dithmenos
Hepliaklqana
Kikubaaqudgha
Makhleb
Qazlal
Xom
Yredelemnul
Beogh

Shops:
D:6 (

Portals:
Trove: D:13 (give 7 potions of agility)

Annotations:
D:12 Rupert


Innate Abilities, Weirdness & Mutations

You can breathe blasts of scalding, opaque steam.
Your pale cyan-grey scales are hard. (AC +8)
You cannot fit into any form of body armour.
You are cold-blooded and may be slowed by cold attacks.


Message History

You have got your breath back.
Rupert hits you with a great mace of draining!!
* * * LOW HITPOINT WARNING * * *
You feel drained.
* * * LOW HITPOINT WARNING * * *
You feel a strong urge to attack something.
Rupert hits you with a great mace of draining!
* * * LOW HITPOINT WARNING * * *
You feel drained.
* * * LOW HITPOINT WARNING * * *
You slice Rupert!! You burn Rupert.
Rupert is severely wounded.
Rupert hits you with a great mace of draining.
* * * LOW HITPOINT WARNING * * *
You feel drained.
* * * LOW HITPOINT WARNING * * *
You barely miss Rupert.
Rupert is severely wounded.
Rupert hits you with a great mace of draining!!!
You die...

#....###'###..'............
#.............#............
#.............#.......#####
#.............#...#####....
#.............#'###........
#......)[..................
########[#####.............
#)#@..#....#'###....
########.'@..#....#...#....
#........#...#....#...'....
#........#...#....#...#....
#........#...#....#...#.###
#####....#...#....#####.#..
#....#...#..........#..
#....#...#..........#..
#....##'##..........#..
####................#..


You could see Rupert (berserk).

Vanquished Creatures
  Azrael (D:12)
  An ogre mage (D:13)
  The ghost of Salmacis the Basher, a journeyman HOFi of Makhleb (D:9)
  Erolcha (D:10)
  4 vault guards (D:13)
  Erica (D:11)
  3 two-headed ogres
  Urug (D:13)
  A tengu warrior (D:13)
  3 skeletal warriors (D:11)
  3 unseen horrors
  A deep elf mage (D:8)
  A cyclops (D:12)
  2 gargoyles
  3 centaur zombies
  A yaktaur (D:13)
  A tengu conjurer (D:13)
  5 trolls
  3 meliai (D:10)
  8 slime creatures
  A queen bee (D:8)
  Grinder (D:3)
  3 hippogriffs
  Sigmund (D:4)
  The ghost of Kairos the Chopper, an amateur VSFi (D:4)
  2 vampires (D:10)
  A shadow (D:12)
  2 wraiths
  A yak (D:9)
  3 fire elementals (D:12)
  2 wyverns
  4 hungry ghosts
  Menkaure (D:4)
  Edmund (D:4)
  A soldier ant (D:11)
  A water moccasin (D:11)
  4 hell hounds
  Duvessa (D:4)
  9 orc warriors
  A porcupine (D:9)
  A sky beast (D:12)
  3 black bears
  An eye of draining (D:11)
  An ice beast (D:11)
  2 phantoms
  10 ogres
  2 necrophages
  6 centaurs
  A big kobold (D:13)
  Blork the orc (D:4)
  7 bullfrogs
  A wyvern zombie (D:12)
  A wyvern skeleton (D:13)
  A scorpion (D:5)
  A water moccasin skeleton (D:11)
  Dowan (D:4)
  21 killer bees
  8 wights
  2 howler monkeys
  2 vampire bats (D:5)
  7 crimson imps
  A bullfrog zombie (D:12)
  6 hounds
  A jelly (D:6)
  2 quasits
  3 bullfrog skeletons
  4 centaur skeletons
  6 orc priests
  Crazy Yiuf (D:3)
  4 iguanas
  13 orc wizards
  7 worker ants
  A hound skeleton (D:9)
  A worker ant zombie (D:10)
  Robin (D:4)
  7 adders
  3 gnolls (D:5)
  3 shadow imps
  An adder zombie (D:8)
  2 adder skeletons
  5 dart slugs
  2 leopard geckos (D:4)
  77 orcs
  2 ball pythons
  5 bats
  6 bat skeletons (D:5)
  A bat zombie (D:5)
  2 giant cockroaches
  16 goblins
  11 hobgoblins
  2 jackals (D:5)
  4 quokkas
  5 frilled lizards
  12 kobolds
  2 leopard gecko skeletons
  9 rats
394 creatures vanquished.

Vanquished Creatures (collateral kills)
  An orc (D:6)
1 creature vanquished.

Vanquished Creatures (others)
  A human (D:8)
  A fungus (D:9)
2 creatures vanquished.

Grand Total: 397 creatures vanquished

Notes
Turn   | Place    | Note
-------+----------+-------------------------------------------
     0 | D:1      | HammerPanzer the Draconian Berserker began the quest for the Orb.
     0 | D:1      | Reached XP level 1. HP: 19/19 MP: 1/1
   294 | D:1      | Reached XP level 2. HP: 17/26 MP: 2/2
   762 | D:2      | Reached XP level 3. HP: 33/33 MP: 3/3
   850 | D:2      | Found a faded altar of an unknown god.
   858 | D:2      | Reached ** piety under Trog
   870 | D:2      | Reached skill level 4 in Long Blades
   927 | D:2      | Noticed an ogre
   940 | D:2      | Killed an ogre
   940 | D:2      | Reached XP level 4. HP: 7/41 MP: 4/4
  1236 | D:2      | Found a shimmering altar of Xom.
  1413 | D:2      | Reached skill level 5 in Long Blades
  1457 | D:2      | Reached XP level 5. HP: 47/47 MP: 5/5
  1618 | D:3      | Noticed Grinder
  1628 | D:3      | Killed Grinder
  1628 | D:3      | Reached skill level 5 in Fighting
  1628 | D:3      | Reached skill level 6 in Long Blades
  1628 | D:3      | Reached XP level 6. HP: 56/56 MP: 6/6
  1803 | D:3      | Found a hazy altar of Hepliaklqana.
  2231 | D:3      | Found a runed door.
  2235 | D:3      | Noticed Crazy Yiuf
  2240 | D:3      | Killed Crazy Yiuf
  2697 | D:4      | Noticed Robin
  2856 | D:4      | Killed Robin
  2856 | D:4      | Reached *** piety under Trog
  2937 | D:4      | Noticed Edmund
  2953 | D:4      | Killed Edmund
  2953 | D:4      | Reached skill level 7 in Long Blades
  2953 | D:4      | Your scales start taking on a pale cyan-grey colour.
  2953 | D:4      | Reached XP level 7. HP: 62/62 MP: 7/7
  3004 | D:4      | Noticed Blork the orc
  3015 | D:4      | Killed Blork the orc
  3157 | D:4      | Noticed Duvessa
  3157 | D:4      | Noticed Dowan
  3161 | D:4      | Killed Dowan
  3182 | D:4      | Killed Duvessa
  3481 | D:4      | Noticed Kairos's ghost (amateur VSFi)
  3494 | D:4      | Killed Kairos's ghost
  3494 | D:4      | Reached skill level 8 in Long Blades
  3504 | D:4      | Reached XP level 8. HP: 63/71 MP: 8/8
  3767 | D:4      | Noticed Menkaure
  3806 | D:4      | Killed Menkaure
  4111 | D:4      | Noticed a hippogriff
  4118 | D:4      | Killed a hippogriff
  4118 | D:4      | Reached skill level 9 in Long Blades
  4128 | D:4      | Noticed Sigmund
  4138 | D:4      | Killed Sigmund
  4676 | D:5      | Entered Level 5 of the Dungeon
  4804 | D:5      | Reached **** piety under Trog
  4955 | D:5      | Found a stormy altar of Qazlal.
  5088 | D:5      | Reached skill level 10 in Long Blades
  5133 | D:5      | Found a basalt altar of Yredelemnul.
  5144 | D:5      | Reached XP level 9. HP: 75/80 MP: 9/9
  5512 | D:5      | Found an ancient bone altar of Kikubaaqudgha.
  5975 | D:5      | You fall through a shaft for 2 floors!
  6500 | D:6      | Found a staircase to the Ecumenical Temple.
  6726 | D:6      | Reached skill level 11 in Long Blades
  7090 | D:6      | Found Gooso's Antique Weapon Boutique.
  7094 | D:6      | Bought a runed falchion for 144 gold pieces
  7119 | D:6      | Found a burning altar of Makhleb.
  7764 | D:7      | Found a shadowy altar of Dithmenos.
  8792 | D:7      | Reached XP level 10. HP: 88/92 MP: 10/10
  8798 | D:7      | Reached skill level 12 in Long Blades
  9036 | D:7      | Reached ***** piety under Trog
  9293 | D:7      | Reached skill level 10 in Fighting
  9685 | D:8      | Noticed a deep elf mage
 10686 | D:8      | Found a roughly hewn altar of Beogh.
 10929 | D:8      | Killed a deep elf mage
 11197 | D:8      | Found an ancient bone altar of Kikubaaqudgha.
 11501 | D:9      | Noticed Salmacis's ghost (journeyman HOFi)
 11507 | D:9      | Killed an unseen horror
 11507 | D:9      | Reached skill level 13 in Long Blades
 11520 | D:9      | Killed Salmacis's ghost
 11520 | D:9      | Received a gift from Trog
 12098 | D:9      | Noticed a two-headed ogre
 12105 | D:9      | Killed a two-headed ogre
 12105 | D:9      | Reached XP level 11. HP: 87/102 MP: 3/11
 12346 | D:9      | Found a staircase to the Lair.
 12951 | D:10     | Entered Level 10 of the Dungeon
 13137 | D:10     | Reached skill level 14 in Long Blades
 13418 | D:10     | Reached skill level 1 in Evocations
 13681 | D:10     | Noticed Erolcha
 13693 | D:10     | Killed Erolcha
 14662 | D:11     | Received a gift from Trog
 14962 | D:11     | Found a staircase to the Orcish Mines.
 15240 | D:11     | Noticed a skeletal warrior
 15254 | D:11     | Killed a skeletal warrior
 15465 | D:11     | Noticed a skeletal warrior
 15465 | D:11     | Noticed a skeletal warrior
 15489 | D:11     | Killed a skeletal warrior
 15625 | D:11     | Killed a skeletal warrior
 15776 | D:11     | Noticed Erica
 15786 | D:11     | Killed Erica
 16149 | D:12     | Reached XP level 12. HP: 112/112 MP: 15/15
 16246 | D:12     | Reached skill level 15 in Long Blades
 16279 | D:12     | Noticed Azrael
 16673 | D:12     | Reached skill level 5 in Dodging
 17251 | D:12     | Reached skill level 5 in Evocations
 17776 | D:12     | Killed Azrael
 18607 | D:13     | Noticed a vault guard
 18613 | D:13     | Killed a vault guard
 18614 | D:13     | Noticed a two-headed ogre
 18614 | D:13     | Noticed a tengu warrior
 18627 | D:12     | Killed a two-headed ogre
 18842 | D:13     | Killed a tengu warrior
 19269 | D:13     | HP: 5/169 [enormous slime creature (74)]
 19698 | D:13     | Found a portal to a secret trove of treasure.
 19709 | D:13     | Noticed Urug
 19715 | D:13     | Noticed a two-headed ogre
 19862 | D:13     | Killed a two-headed ogre
 20038 | D:13     | Killed Urug
 20258 | D:13     | Reached skill level 16 in Long Blades
 20258 | D:13     | Reached XP level 13. HP: 102/119 MP: 18/18
 20271 | D:13     | Identified 3 scrolls of acquirement
 20826 | D:13     | Paralysed by an ogre mage for 2 turns
 20942 | D:12     | Got a pair of brightly glowing gloves
 20948 | D:12     | Identified the -2 pair of gloves "Arhex" {Str+2 Dex+4} (You acquired it on level 12 of the Dungeon)
 20968 | D:13     | Noticed Rupert
 20995 | D:12     | Annihilated by Rupert

Vault maps used:
D:1:      ncdulo_lavacross, hangedman_glass_garden
D:2:      xom_butterflies, chequers_ecumenical_altar_simple
D:3:      lemuel_round_altar, first_ration, uniq_crazy_yiuf_cottage,
          uniq_grinder
D:4:      uniq_sigmund, uniq_duvessa, uniq_blork_the_orc, uniq_edmund,
          uniq_robin, uniq_menkaure
D:5:      yredelemnul_altar_generic, grunt_qazlal_clouds,
          kennysheep_vampire_church
D:6:      nicolae_overflow_crystal_walls, minmay_temple_entry_overgrown,
          serial_shops, shop
D:7:      marbit_many_paths, minmay_misc_feat_alley, minmay_strange_pillars
D:8:      special_room, david_nohive_1, tgw_kikubaaqudgha
D:9:      grunt_lair_entry_orc_guard_hut, serial_column_ruins,
          column_ruins_open_medium, column_ruins_corridor_straight,
          column_ruins_open_tiny
D:10:     uniq_erolcha
D:11:     erik_orc_3, uniq_erica
D:12:     minmay_misc_feat_diagonals, minmay_misc_feat_secret_circle,
          uniq_azrael
D:13:     grunt_vaults_entry_fortified, serial_shops, nicolae_shop_statue_plus,
          enter_trove_5, hangedman_weighted_door, uniq_nessos, uniq_rupert,
          uniq_urug

Skill      XL: |  1  2  3  4  5  6  7  8  9 10 11 12 13 |
---------------+----------------------------------------+-----
Long Blades    | 4 5 6 7 8 10 11 13 14 16 | 16.2
Fighting       | 4 5 6 8 9 11 12 13 | 13.1
Evocations     | 4 6 7 |  7.3
Dodging        | 4 6 |  6.8

Action                   |  1- 3 |  4- 6 |  7- 9 | 10-12 | 13-15 || total
-------------------------+-------+-------+-------+-------+-------++-------
Melee: Falchion          |    83 |   122 |   376 |   146 |       ||   727
       Tailslap          |    10 |    12 |    47 |   107 |     7 ||   183
       Great sword       |       |       |       |    98 |       ||    98
       Long sword        |       |       |       |    49 |       ||    49
       Triple sword      |       |       |       |   225 |     9 ||   234
       Scimitar          |       |       |       |    33 |    26 ||    59
Throw: Tomahawk          |       |       |     4 |    17 |    27 ||    48
Invok: Berserk           |     2 |     5 |    11 |    17 |     3 ||    38
       Brothers in Arms  |       |       |     1 |       |       ||     1
 Abil: Breathe Steam     |       |       |    12 |    19 |    10 ||    41
Evoke: Wand              |       |       |       |     7 |       ||     7
  Use: Scroll            |       |       |    18 |     5 |     7 ||    30
       Potion            |       |       |     4 |     6 |       ||    10
 Stab: Sleeping          |       |     1 |       |       |       ||     1
  Eat: Chunk             |     1 |     8 |    24 |    23 |     1 ||    57
       Ration            |       |     1 |     2 |    11 |     1 ||    15
Armor: Skin              |    18 |    46 |   120 |   159 |     6 ||   349
Dodge: Dodged            |    41 |    78 |   230 |   425 |    34 ||   808
       Rpst.: Falchion   |    11 |    22 |    59 |    39 |       ||   131
       Great sword       |       |       |       |    15 |       ||    15
       Long sword        |       |       |       |     5 |       ||     5
       Triple sword      |       |       |       |    45 |       ||    45
       Scimitar          |       |       |       |     7 |     2 ||     9

Table legend:
 A = Spawn XP
 B = Non-spawn XP
 C = Spawn XP percentage of total XP
 D = Spawn monster count
 E = Non-spawn monster count
 F = Spawn count percentage of total count
 G = Total turns spent on level
                    A         B        C        D         E        F      G
               +---------+---------+-------+---------+---------+-------+---------
         Total |       0 |   44475 |   0.0 |       0 |     395 |   0.0 | 20995
               +---------+---------+-------+---------+---------+-------+---------
           D:1 |       0 |      28 |   0.0 |       0 |      16 |   0.0 |   716
           D:2 |       0 |     170 |   0.0 |       0 |      21 |   0.0 |   902
           D:3 |       0 |     371 |   0.0 |       0 |      24 |   0.0 |  1160
           D:4 |       0 |    1735 |   0.0 |       0 |      35 |   0.0 |  1915
           D:5 |       0 |     989 |   0.0 |       0 |      29 |   0.0 |  1441
           D:6 |       0 |    1239 |   0.0 |       0 |      26 |   0.0 |  1345
           D:7 |       0 |    1219 |   0.0 |       0 |      23 |   0.0 |  2751
           D:8 |       0 |    2113 |   0.0 |       0 |      44 |   0.0 |  1188
           D:9 |       0 |    4245 |   0.0 |       0 |      18 |   0.0 |  1778
          D:10 |       0 |    4702 |   0.0 |       0 |      36 |   0.0 |  1434
          D:11 |       0 |    5334 |   0.0 |       0 |      39 |   0.0 |  2273
          D:12 |       0 |    9617 |   0.0 |       0 |      48 |   0.0 |  3043
          D:13 |       0 |   12713 |   0.0 |       0 |      36 |   0.0 |  1049
               +---------+---------+-------+---------+---------+-------+---------
